AoeStats
← ARMENIO FULL AGUA

Arena

508988942Analyzed
1v1 RM · 7d ago on Sep 25, 2026· 37m 0s· 2 players
Game mode
Random Map
Map size
Tiny (2 player)
Population
200
Speed
Normal
Resources
Standard
Victory
Conquest
Starting age
Dark Age
Ending age
Imperial Age
RankedLock teamsTeams togetherTeam positionsShared explorationLock speedFull tech treeHidden civsTurbo modeCheats
Victory
Defeat
🇦🇷 Danes · Argentina
1113
+16
🇦🇷 Saxons · Argentina
1120
-16
ARMENIO FULL AGUA
10:24 Feudal Age
14:30 Castle Age
12:27 Double-Bit Axe
12:50 Horse Collar
13:24 Gold Mining
15:31 Bow Saw
16:29 Gold Shaft Mining
15:40 Loom
17:49 Heavy Plow
20:48 Squires
20:34 Arson
23:23 Scale Mail Armor
23:33 Forging
25:39 Wheelbarrow
24:49 Town Watch
25:32 Chain Mail Armor
27:01 Hand Cart
28:26 Iron Casting
30:59 Imperial Age
30:29 Stone Mining
31:07 Fletching
31:04 Elite Varangian Guard
31:16 Heavy Scorpion
31:34 Capped Ram
33:01 Plate Mail Armor
33:31 Blast Furnace
33:38 Siege Ram
35:18 Stone Shaft Mining
35:18 Conscription
35:29 Bodkin Arrow
Sadicomane
4:42 Loom
11:09 Feudal Age
15:32 Castle Age
13:54 Double-Bit Axe
13:50 Horse Collar
14:03 Stone Mining
14:50 Gold Mining
15:41 Fletching
16:28 Bow Saw
18:13 Heavy Plow
26:16 Gold Shaft Mining
30:29 Imperial Age
28:23 Bodkin Arrow
30:27 Ballistics
29:33 Clerical Recruitment
30:35 Scale Mail Armor
30:45 Forging
30:24 Loom
31:54 Bracer
32:25 Chain Mail Armor
33:08 Wheelbarrow
32:19 Town Watch
33:31 Masonry
34:41 Plate Mail Armor
34:16 Murder Holes
34:03 Crossbowman
34:49 Thumb Ring
34:46 Padded Archer Armor
35:22 Iron Casting
35:13 Town Patrol
35:29 Hand Cart
34:57 Shield Wall
36:46 Chemistry
37:06 Two-Man Saw
36:34 Leather Archer Armor
Connection lost

Rejoining the realm…

Still unreachable

The connection could not be restored.

Session expired

The server has moved on; the page needs a fresh start.